 Dungeon Crawl Stone Soup version 0.28-a0-384-g9e0c098162 (webtiles) character file.

Game seed: 70567744563492317

490 robertstho the Magician (level 7, -2/49 HPs)
             Began as a Djinni Fire Elementalist on Sept 2, 2021.
             Was an Initiate of Gozag.
             Slain by a phantom (6 damage)
             ... on level 5 of the Dungeon.
             The game lasted 00:07:15 (6642 turns).

robertstho the Magician (Djinni Fire Elementalist)  Turns: 6642, Time: 00:07:16

Health: -2/49      AC:  3    Str:  5 (7)  XL:     7   Next: 37%
Gold:   277        EV: 12    Int: 15 (18) God:    Gozag SH:  0 Dex: 13 (14)

rFire   + + .      SeeInvis .   b - +0 dagger
rCold   x . .      Faith    .   (no shield)
rNeg    . . .      Spirit   .   a - +0 robe
rPois   ∞          Reflect  .   (no helmet)
rElec   .          Harm     .   p - +0 cloak
rCorr   .          Rampage  .   (no gloves)
Will    .....                   (boots unavailable)
Stlth   ++........              (no amulet)
HPRegen 0.16/turn               (no ring)
MPRegen 0.00/turn               (no ring)

@: gold aura, flying, very slightly contaminated, hasted, very quick
A: sickness immunity, fire resistance 2, cold vulnerability 1, float, innate
caster, hp casting, extra vitality 1
a: Renounce Religion, Potion Petition, Call Merchant, Bribe Branch


You were on level 5 of the Dungeon.
You worshipped Gozag.
Gozag was aware of your devotion.
You visited 2 branches of the dungeon, and saw 6 of its levels.

You collected 365 gold pieces.
You paid 88 gold pieces to Gozag.

Inventory:

Hand Weapons
 b - a +0 dagger (weapon)
Armour
 a - a +0 robe (worn)
 p - a +0 cloak (worn)
Jewellery
 n - an amulet of reflection
 q - a +6 ring of intelligence
Scrolls
 c - 5 scrolls of identify {unknown}
 e - a scroll of acquirement {unknown}
 h - 2 scrolls of teleportation
 j - a scroll of enchant weapon {unknown}
 l - 2 scrolls of vulnerability {unknown}
Potions
 d - a potion of attraction
 g - 2 potions of flight
 i - a potion of invisibility
 k - a potion of might
 m - a potion of degeneration


   Skills:
 * Level 2.2 Fighting
 + Level 0.5 Short Blades
 + Level 2.5 Dodging
 + Level 2.1 Stealth
 * Level 5.4 Spellcasting


You couldn't memorise any spells.
You knew the following spells:

 Your Spells              Type           Power      Damage    Failure   Level
a - Foxfire               Conj/Fire      80%        2x1d8     1%          1
b - Scorch                Fire           40%        2d7       2%          2
c - Conjure Flame         Conj/Fire      20%        6-21      4%          3
d - Inner Flame           Hex/Fire       20%        N/A       4%          3
e - Sticky Flame          Conj/Fire      20%        2d4       17%         4
f - Fireball              Conj/Fire      10%        3d6       43%         5
g - Summon Small Mammal   Summ           80%        N/A       1%          1
h - Passwall              Tmut/Erth      16%        N/A       2%          2
i - Dazzling Flash        Conj/Hex       40%        N/A       4%          3
Your spell library was empty.

Dungeon Overview and Level Annotations

Branches:
Dungeon (5/15)             Temple (1/1) D:4

Altars:
Ashenzari
Elyvilon
Fedhas
Gozag
Hepliaklqana
Kikubaaqudgha
Nemelex Xobeh
Okawaru
Qazlal
Ru
Sif Muna
Vehumet
Yredelemnul
The Shining One


Innate Abilities, Weirdness & Mutations

You are immune to sickness and miasma.
You are immune to poison.
Your flesh is very heat resistant. (rF++)
You are vulnerable to cold. (rC-)
You float through the air rather than walking.
You learn spells naturally, not from books.
Your magical power is your life essence.
You have superior vitality. (+4 HP)


Message History

Confirm with . or Enter, or press ? or * to list all spells.
Flames lash the necrophage.
The necrophage is moderately damaged.
The necrophage's fire resistance burns away.
The orc hits you with a +0 hand axe.
Casting: Scorch (safe; 2% risk of failure)
Confirm with . or Enter, or press ? or * to list all spells.
You miscast Scorch.
You are very lightly contaminated with residual magic.
Nothing appears to happen.
Casting: Scorch (safe; 2% risk of failure)
Confirm with . or Enter, or press ? or * to list all spells.
Flames lash the iguana.
The iguana is lightly wounded.
The iguana's fire resistance burns away.
The orc hits you with a +0 hand axe. The phantom hits you.
The phantom blinks!
You blink.
Casting: Scorch (safe; 2% risk of failure)
Confirm with . or Enter, or press ? or * to list all spells.
Flames lash the iguana.
The iguana is burned terribly!
The iguana is severely wounded.
The phantom is no longer more vulnerable to fire.
The phantom hits you!
The phantom blinks!
You blink.
Unknown command.
Casting: Scorch (safe; 2% risk of failure)
Confirm with . or Enter, or press ? or * to list all spells.
Flames lash the orc.
You kill the orc!
* * * LOW HITPOINT WARNING * * *
The phantom hits you!
* * * LOW HITPOINT WARNING * * *
The phantom blinks!
You blink.
You can't go up here!
Unknown command.
It was a potion of haste.
You feel yourself speed up.
The iguana is no longer more vulnerable to fire.
The necrophage is no longer more vulnerable to fire.
The phantom hits you.
You die...
Your body crumbles into a pile of gold.

#...<.................(..#
#........###........?###.####
#######....#.................
####.#......#######'###
#.#......# #.# #.....$..#
#####.### ###......# #...'.'..
##.####.# #.###.### #.@.###.#
#.# #.# # ##..W..#.###'###.###
####### ##$l..#...'..........
#......###....§##..###'###.###
........##{######..# #.# #.# #
..........n# #..# #.###.###
..........## ##.# #...'.'..
..........# #.# #####.###
..........# #.# #.#


You could see a phantom, a necrophage and an iguana.

Vanquished Creatures
  An orc priest (D:5)
  A jelly (D:5)
  A hound (D:5)
  A bullfrog skeleton (D:4)
  Crazy Yiuf (D:3)
  4 orc wizards
  2 hound skeletons
  3 gnolls (D:2)
  6 adders
  An ufetubus (D:5)
  A worm (D:3)
  3 dart slugs
  25 orcs
  3 bats
  8 endoplasms
  3 giant cockroaches
  11 goblins
  7 hobgoblins
  4 jackals (D:4)
  6 quokkas
  3 ball pythons
  3 frilled lizards (D:2)
  6 kobolds
  2 rats (D:1)
106 creatures vanquished.

Vanquished Creatures (others)
  A human (D:4)
  435 foxfires
  9 plants (D:3)
445 creatures vanquished.

Grand Total: 551 creatures vanquished

Notes
Turn   | Place    | Note
-------+----------+-------------------------------------------
     0 | D:1      | robertstho the Djinni Fire Elementalist began the quest for
                  | the Orb.
     0 | D:1      | Reached XP level 1. HP: 15/15 MP: 0/0
   164 | D:1      | Found a faded altar of an unknown god.
   174 | D:1      | Reached XP level 2. HP: 17/22 MP: 0/0
   641 | D:1      | Reached skill level 1 in Fighting
   644 | D:1      | Reached XP level 3. HP: 14/27 MP: 0/0
   644 | D:1      | Learned a level 1 spell: Summon Small Mammal
  1361 | D:2      | Reached skill level 3 in Spellcasting
  1366 | D:2      | Reached XP level 4. HP: 19/32 MP: 0/0
  2525 | D:3      | Found a hazy altar of Hepliaklqana.
  2569 | D:3      | Reached XP level 5. HP: 25/37 MP: 0/0
  2569 | D:3      | Learned a level 2 spell: Passwall
  2771 | D:3      | Found a blossoming altar of Fedhas.
  3319 | D:3      | Reached skill level 4 in Spellcasting
  3488 | D:3      | Found a runed translucent door.
  3489 | D:3      | Noticed Crazy Yiuf
  3852 | D:4      | Reached XP level 6. HP: 34/43 MP: 0/0
  3986 | D:4      | Found a staircase to the Ecumenical Temple.
  4279 | Temple   | Entered the Ecumenical Temple
  4438 | Temple   | Became a worshipper of Gozag Ym Sagoz the Greedy
  4532 | D:4      | Noticed a human
  4535 | D:4      | Killed a human
  4560 | D:4      | Found a sparkling altar of Nemelex Xobeh.
  4804 | D:3      | Killed Crazy Yiuf
  5521 | D:5      | Entered Level 5 of the Dungeon
  5543 | D:5      | Noticed a necrophage
  5887 | D:5      | Reached XP level 7. HP: 44/49 MP: 0/0
  5887 | D:5      | Learned a level 3 spell: Dazzling Flash
  5968 | D:5      | Reached skill level 5 in Spellcasting
  6012 | D:5      | Found a stormy altar of Qazlal.
  6642 | D:5      | Slain by a phantom

Illustrated notes

Levels and vault maps discovered:
D:1:      dpeg_arrival_line_fractal, layout_loops_cross, basic_ecumenical_altar,
          minmay_tetromino_t2
D:2:      layout_basic, bh_walls_and_bars
D:3:      layout_loops_cross, mainiacjoe_overflow_tiny_flanked, fedhas_altar_1,
          serial_bayou_pond_c, uniq_crazy_yiuf_cottage
D:4:      layout_rooms, nicolae_overflow_crystal_walls, tgw_kikubaaqudgha,
          temple_fountains, interstate_on_off, kennysheep_generic_room_10
D:5:      layout_rooms, nicolae_qazlal_general_emergency, minmay_door_square
Temple:   minmay_temple_curvy_branch

Skill      XL: |  1  2  3  4  5  6  7 |
---------------+----------------------+-----
Fighting       | 1 2 |  2.2
Spellcasting   | 3 4 5 |  5.4
Stealth        | 2 |  2.1
Short Blades   | |  0.5
Dodging        | |  2.5

Action                   |  1- 3 |  4- 6 |  7- 9 || total
-------------------------+-------+-------+-------++-------
Melee: Dagger            |     6 |     1 |       ||     7
       Unarmed           |     1 |       |       ||     1
 Cast: Foxfire           |    59 |   194 |    31 ||   284
       Scorch            |       |    10 |    18 ||    28
       Sticky Flame      |       |     1 |       ||     1
       Dazzling Flash    |       |       |     1 ||     1
  Use: Potion            |       |     6 |     1 ||     7
       Scroll            |       |     1 |       ||     1
 Stab: Sleeping          |     1 |       |       ||     1
Armor: Robe              |     7 |     9 |       ||    16
Dodge: Dodged            |    14 |    35 |     5 ||    54

Table legend: (Time is in decaauts)
 A = Elapsed time spent in this place.
 B = Non-inter-level travel time spent in this place.
 C = Inter-level travel time spent in this place.
 D = Time resting spent in this place.
 E = Time spent auto-exploring this place.
 F = Levels seen in this place.
 G = Mean time per level.
                   A        B        C        D        E       F      G
               +--------+--------+--------+--------+--------+-----+--------+
         Total |   6641 |   6435 |    206 |    401 |   5325 |   6 | 1106.8 |
       Dungeon |   6459 |   6276 |    183 |    401 |   5172 |   5 | 1291.8 |
        Temple |    181 |    159 |     22 |      0 |    153 |   1 |  181.0 |
               +--------+--------+--------+--------+--------+-----+--------+

Top non-repeatable levels by time:
     D:3: 1850 daAuts
     D:1: 1213 daAuts
     D:2: 1157 daAuts
     D:5: 1120 daAuts
     D:4: 1117 daAuts
  Temple: 181 daAuts
